General information
			
			
        
        - name: BNet
 
        - type: Ladder team game (AT/RT)
 
        - host: Battle.net
 
        - saver: TIMG4STRok
 
        
map: Deadlock 
        - players: 8
 
        - length: 13:03
 
        - speed: Fast
 - version: 1.22 W3XP
 - replay type:  

 
» download(138 KB)
Players
        team 1 (winner) 
              
              
298739283939208 (
green | 68 APM | 888 actions | 13:02)
              
 1 Demon Hunter 
 1 Mana Burn
 
                » actions 
                
                | Assign group hotkey | 14 |  | 
| Build / train | 27 |  | 
| ESC pressed | 3 |  | 
| Enter build submenu | 3 |  | 
| Enter hero's abilities submenu | 1 |  | 
| Right click | 301 |  | 
| Select / deselect | 218 |  | 
| Select group hotkey | 302 |  | 
| Use ability | 19 |  | 
                888 total
 » units 
                » buildings
                
                | Altar of Elders | 1 |  | 
| Moon Well | 1 |  | 
| Tree of Life | 1 |  | 
                3 total
 » build order
                00:11 Altar of Elders
00:22 Moon Well
05:43 Tree of Life
» items
                 
               
              
              
EurovisionisGG (
pink | 66 APM | 859 actions | 13:02)
              
 2 Blademaster 
 1 Wind Walk
 1 Critical Strike
 
                » actions 
                
                | Assign group hotkey | 52 |  | 
| Basic commands | 10 |  | 
| Build / train | 25 |  | 
| Enter build submenu | 5 |  | 
| Enter hero's abilities submenu | 2 |  | 
| Give item / drop item | 1 |  | 
| Remove unit from queue | 1 |  | 
| Right click | 450 |  | 
| Select / deselect | 58 |  | 
| Select group hotkey | 229 |  | 
| Use ability | 26 |  | 
                859 total
 » units 
                » buildings
                
                | Altar of Storms | 1 |  | 
| Orc Burrow | 1 |  | 
| Voodoo Lounge | 1 |  | 
| War Mill | 1 |  | 
                4 total
 » build order
                00:06 Altar of Storms
00:12 Orc Burrow
01:22 Voodoo Lounge
02:23 War Mill
» items
                
                | Boots of Speed | 1 |  | 
| Staff of Teleportation | 2 |  | 
| Dust of Appearance | 3 |  | 
| Lesser Clarity Potion | 3 |  | 
| Circlet of Nobility | 1 |  | 
| Healing Salve | 1 |  | 
                11 total
  
               
              
              
GoDiePlz (
blue | 89 APM | 1158 actions | 13:02)
              
 5 Death Knight 
 2 Death Coil
 3 Unholy Aura
 3 Lich 
 2 Frost Nova
 1 Dark Ritual
 2 Dreadlord 
 1 Sleep
 1 Carrion Swarm
 
                » actions 
                
                | Assign group hotkey | 19 |  | 
| Basic commands | 129 |  | 
| Build / train | 44 |  | 
| Enter build submenu | 18 |  | 
| Enter hero's abilities submenu | 10 |  | 
| Right click | 421 |  | 
| Select / deselect | 199 |  | 
| Select group hotkey | 261 |  | 
| Use ability | 57 |  | 
                1158 total
 » units 
                
                | Acolyte | 2 |  | 
| Ghoul | 2 |  | 
| Crypt Fiend | 5 |  | 
| Frost Wyrm | 3 |  | 
                12 total
 » upgrades
                
                | Burrow | 1 |  | 
| Web | 1 |  | 
| Creature Attack | 3 |  | 
| Creature Carapace | 3 |  | 
                8 total
 » buildings
                
                | Crypt | 1 |  | 
| Graveyard | 1 |  | 
| Altar of Darkness | 1 |  | 
| Ziggurat | 9 |  | 
| Tomb of Relics | 1 |  | 
| Halls of the Dead | 1 |  | 
| Nerubian Tower | 1 |  | 
| Black Citadel | 1 |  | 
| Sacrificial Pit | 1 |  | 
| Boneyard | 3 |  | 
                20 total
 » build order
                00:07 Crypt
00:19 Graveyard
00:29 Altar of Darkness
00:43 Ziggurat
00:57 Tomb of Relics
01:39 Ziggurat
02:13 Halls of the Dead
02:27 Nerubian Tower
02:58 Ziggurat
03:37 Ziggurat
04:34 Black Citadel
04:37 Ziggurat
05:48 Sacrificial Pit
07:03 Boneyard
07:10 Boneyard
07:12 Boneyard
07:15 Ziggurat
07:18 Ziggurat
10:47 Ziggurat
11:36 Ziggurat
» items
                
                | Rod of Necromancy | 2 |  | 
| Potion of Healing | 1 |  | 
| Scroll of Town Portal | 2 |  | 
| Lesser Clarity Potion | 1 |  | 
| Healing Salve | 1 |  | 
| Orb of Corruption | 1 |  | 
                8 total
  
               
              
              
TIMG4STRok (
teal | 188 APM | 2459 actions | 13:03)
              
 3 Tauren Chieftain 
 1 Shockwave
 2 Endurance Aura
 2 Shadow Hunter 
 1 Hex
 1 Healing Wave
 
                » actions 
                
                | Assign group hotkey | 24 |  | 
| Basic commands | 45 |  | 
| Build / train | 41 |  | 
| ESC pressed | 1 |  | 
| Enter build submenu | 17 |  | 
| Enter hero's abilities submenu | 5 |  | 
| Right click | 1041 |  | 
| Select / deselect | 189 |  | 
| Select group hotkey | 1045 |  | 
| Use ability | 51 |  | 
                2459 total
 » units 
                
                | Peon | 7 |  | 
| Grunt | 4 |  | 
| Tauren | 7 |  | 
| Shaman | 1 |  | 
| Troll Witch Doctor | 1 |  | 
| Troll Batrider | 5 |  | 
                25 total
 » upgrades
                
                | Shaman Training | 2 |  | 
| Witch Doctor Training | 3 |  | 
| Pulverize | 1 |  | 
                6 total
 » buildings
                
                | Altar of Storms | 1 |  | 
| Orc Burrow | 7 |  | 
| Barracks | 1 |  | 
| Stronghold | 1 |  | 
| Voodoo Lounge | 1 |  | 
| War Mill | 2 |  | 
| Fortress | 1 |  | 
| Beastiary | 1 |  | 
| Spirit Lodge | 2 |  | 
| Tauren Totem | 2 |  | 
                19 total
 » build order
                00:07 Altar of Storms
00:17 Orc Burrow
00:34 Barracks
01:05 Orc Burrow
02:05 Stronghold
02:23 Voodoo Lounge
02:36 Orc Burrow
04:06 Orc Burrow
04:09 War Mill
04:10 War Mill
04:26 Fortress
05:45 Beastiary
05:49 Spirit Lodge
05:50 Spirit Lodge
06:04 Orc Burrow
06:04 Orc Burrow
06:48 Tauren Totem
06:49 Tauren Totem
07:05 Orc Burrow
» items
                 
               team 2 (loser) 
              
              
» 
dd.miistic9 (
yellow | 124 APM | 1599 actions | 12:55)
              
 3 Death Knight 
 2 Death Coil
 1 Unholy Aura
 1 Lich 
 1 Frost Nova
 
                » actions 
                
                | Assign group hotkey | 24 |  | 
| Basic commands | 47 |  | 
| Build / train | 34 |  | 
| Enter build submenu | 14 |  | 
| Enter hero's abilities submenu | 4 |  | 
| Right click | 885 |  | 
| Select / deselect | 151 |  | 
| Select group hotkey | 404 |  | 
| Use ability | 36 |  | 
                1599 total
 » units 
                
                | Acolyte | 2 |  | 
| Ghoul | 3 |  | 
| Crypt Fiend | 7 |  | 
| Centaur Outrunner | 1 |  | 
| Obsidian Statue | 2 |  | 
| Gargoyle | 5 |  | 
                20 total
 » upgrades
                » buildings
                
                | Crypt | 2 |  | 
| Graveyard | 1 |  | 
| Ziggurat | 5 |  | 
| Altar of Darkness | 1 |  | 
| Nerubian Tower | 1 |  | 
| Tomb of Relics | 1 |  | 
| Halls of the Dead | 1 |  | 
| Slaughterhouse | 1 |  | 
| Black Citadel | 1 |  | 
                14 total
 » build order
                00:07 Crypt
00:11 Graveyard
00:38 Ziggurat
00:57 Altar of Darkness
01:45 Nerubian Tower
01:54 Tomb of Relics
02:32 Ziggurat
03:53 Halls of the Dead
05:45 Ziggurat
07:56 Ziggurat
08:18 Ziggurat
08:37 Slaughterhouse
10:27 Black Citadel
10:43 Crypt
» items
                
                | Rod of Necromancy | 1 |  | 
| Scroll of Town Portal | 1 |  | 
| Potion of Healing | 1 |  | 
| Potion of Mana | 1 |  | 
                4 total
  
               
              
              
» 
mis.click (
red | 117 APM | 1487 actions | 12:45)
              
 2 Archmage 
 1 Summon Water Elemental
 1 Brilliance Aura
 1 Mountain King 
 1 Storm Bolt
 
                » actions 
                
                | Assign group hotkey | 39 |  | 
| Basic commands | 56 |  | 
| Build / train | 72 |  | 
| ESC pressed | 2 |  | 
| Enter build submenu | 20 |  | 
| Enter hero's abilities submenu | 3 |  | 
| Remove unit from queue | 4 |  | 
| Right click | 556 |  | 
| Select / deselect | 203 |  | 
| Select group hotkey | 479 |  | 
| Use ability | 53 |  | 
                1487 total
 » units 
                
                | Peasant | 27 |  | 
| Footman | 7 |  | 
| Mortar Team | 1 |  | 
| Sorceress | 2 |  | 
| Spell Breaker | 1 |  | 
                38 total
 » upgrades
                » buildings
                
                | Altar of Kings | 1 |  | 
| Barracks | 1 |  | 
| Farm | 5 |  | 
| Scout Tower | 2 |  | 
| Arcane Tower | 2 |  | 
| Town Hall | 2 |  | 
| Keep | 4 |  | 
| Arcane Vault | 1 |  | 
| Lumber Mill | 1 |  | 
| Blacksmith | 1 |  | 
| Workshop | 2 |  | 
| Arcane Sanctum | 1 |  | 
| Castle | 3 |  | 
                26 total
 » build order
                00:10 Altar of Kings
00:20 Barracks
00:35 Farm
00:38 Farm
01:37 Farm
01:43 Scout Tower
02:23 Arcane Tower
02:23 Arcane Tower
03:37 Town Hall
05:12 Keep
05:13 Keep
05:13 Keep
05:44 Arcane Vault
05:59 Lumber Mill
06:01 Blacksmith
06:03 Scout Tower
08:01 Workshop
08:05 Workshop
08:19 Arcane Sanctum
08:37 Farm
10:20 Castle
10:21 Castle
10:21 Castle
11:11 Farm
12:33 Town Hall
» items
                
                | Scroll of Regeneration | 2 |  | 
| Lesser Clarity Potion | 1 |  | 
| Scroll of Town Portal | 1 |  | 
| Potion of Healing | 3 |  | 
                7 total
  
               
              
              
» 
mis.fortune (
purple | 93 APM | 1184 actions | 12:43)
              
 2 Death Knight 
 1 Death Coil
 1 Unholy Aura
 1 Lich 
 1 Frost Nova
 
                » actions 
                
                | Assign group hotkey | 19 |  | 
| Basic commands | 47 |  | 
| Build / train | 41 |  | 
| ESC pressed | 1 |  | 
| Enter build submenu | 12 |  | 
| Enter hero's abilities submenu | 3 |  | 
| Right click | 476 |  | 
| Select / deselect | 243 |  | 
| Select group hotkey | 294 |  | 
| Use ability | 48 |  | 
                1184 total
 » units 
                
                | Acolyte | 6 |  | 
| Ghoul | 4 |  | 
| Crypt Fiend | 6 |  | 
                16 total
 » upgrades
                » buildings
                
                | Graveyard | 1 |  | 
| Crypt | 2 |  | 
| Altar of Darkness | 1 |  | 
| Ziggurat | 4 |  | 
| Tomb of Relics | 1 |  | 
| Nerubian Tower | 6 |  | 
| Halls of the Dead | 1 |  | 
| Black Citadel | 1 |  | 
| Sacrificial Pit | 1 |  | 
                18 total
 » build order
                00:09 Graveyard
00:12 Crypt
00:45 Altar of Darkness
00:57 Ziggurat
01:41 Tomb of Relics
01:50 Nerubian Tower
01:54 Nerubian Tower
01:55 Nerubian Tower
02:32 Ziggurat
04:43 Halls of the Dead
05:45 Ziggurat
06:43 Ziggurat
07:44 Black Citadel
08:25 Sacrificial Pit
10:33 Crypt
» items
                
                | Rod of Necromancy | 1 |  | 
| Dust of Appearance | 1 |  | 
| Scroll of Town Portal | 3 |  | 
| Orb of Corruption | 1 |  | 
                6 total
  
               
              
              
RoRi313 (
orange | 90 APM | 1179 actions | 13:02)
              
 3 Demon Hunter 
 2 Mana Burn
 1 Evasion
 
                » actions 
                
                | Assign group hotkey | 15 |  | 
| Basic commands | 173 |  | 
| Build / train | 57 |  | 
| ESC pressed | 1 |  | 
| Enter build submenu | 10 |  | 
| Enter hero's abilities submenu | 3 |  | 
| Right click | 453 |  | 
| Select / deselect | 293 |  | 
| Select group hotkey | 156 |  | 
| Use ability | 18 |  | 
                1179 total
 » units 
                
                | Wisp | 11 |  | 
| Archer | 13 |  | 
| Hippogryph | 8 |  | 
| Druid of the Talon | 5 |  | 
                37 total
 » upgrades
                
                | Strength of the Moon | 2 |  | 
| Improved Bows | 1 |  | 
| Hippogryph Taming | 1 |  | 
| Moon Armor | 1 |  | 
| Druid of the Talon Training | 2 |  | 
                7 total
 » buildings
                
                | Altar of Elders | 1 |  | 
| Moon Well | 5 |  | 
| Ancient of War | 1 |  | 
| Tree of Ages | 3 |  | 
| Hunter's Hall | 1 |  | 
| Ancient of Wind | 2 |  | 
| Tree of Eternity | 2 |  | 
                15 total
 » build order
                00:04 Altar of Elders
00:18 Moon Well
00:48 Ancient of War
01:32 Moon Well
02:28 Tree of Ages
02:28 Tree of Ages
02:28 Tree of Ages
02:58 Moon Well
03:28 Hunter's Hall
04:51 Ancient of Wind
04:56 Ancient of Wind
05:42 Moon Well
08:31 Moon Well
09:29 Tree of Eternity
 
                Chat log
          (00:06 / All) mis.click: how do you remember your username?
(00:11 / All) TIMG4STRok: 32837198798175
(00:30 / All) mis.click: that wasn't it
(00:47 / All) dd.miistic9: it's pi * 25
(01:09 / All) mis.click: with the decimal point taken out?
(01:16 / All) GoDiePlz:  
(01:17 / All) dd.miistic9: ya
(01:20 / All) mis.click: is the number transcendental over R?
(01:27 / All) GoDiePlz: nope
(01:47 / All) GoDiePlz: black ppl playin wc3
(02:05 / All) mis.click: nigga.
(05:03 / All) GoDiePlz: stuck?
(12:05 / All) GoDiePlz: france #1
(12:06 / All) mis.click: gg
(12:46 / All) GoDiePlz: wait
(12:47 / All) GoDiePlz: no
(12:53 / All) EurovisionisGG: pizza